 Dungeon Crawl Stone Soup version 0.22.1-1-ga44c0e56f4 (webtiles) character file.

144 BushDid911 the Firebug (level 4, 0/36 HPs)
             Began as a Demigod Fire Elementalist on Sept 20, 2018.
             Slain by an orc wizard
             ... wielding a +0 dagger
              (1 damage)
             ... on level 3 of the Dungeon.
             The game lasted 00:09:07 (2483 turns).

BushDid911 the Firebug (Demigod Fire Elementalist)  Turns: 2483, Time: 00:09:08

Health: 0/36       AC:  3    Str: 13    XL:     4   Next: 77%
Magic:  7/10       EV: 12    Int: 19    God:
Gold:   54         SH:  0    Dex: 16    Spells: 1/7 levels left

rFire    + . .     SeeInvis .   a - +2 short sword (drain)
rCold    . . .     Gourm    .   (no shield)
rNeg     . . .     Faith    .   g - +0 leather armour (curse)
rPois    .         Spirit   .   (no helmet)
rElec    .         Reflect  .   (no cloak)
rCorr    .         Harm     .   (no gloves)
MR       .....                  (no boots)
Stlth    ++........             (no amulet)
HPRegen  0.12/turn              i - ring of protection from fire
MPRegen  0.12/turn              (no ring)

@: no status effects
A: high mp 1
a: no special abilities


You were on level 3 of the Dungeon.
You were not hungry.

You visited 1 branch of the dungeon, and saw 3 of its levels.

You collected 54 gold pieces.

Inventory:

Hand Weapons
 a - a +2 short sword of draining (weapon)
 b - a +2 dagger of protection
Missiles
 d - 41 arrows
 l - 20 bolts
 q - 5 tomahawks (quivered)
Armour
 g - a cursed +0 leather armour (worn)
Jewellery
 i - a ring of protection from fire (left hand)
Wands
 p - a wand of enslavement (9)
Scrolls
 f - a scroll of fear {unknown}
 m - a scroll of blinking {unknown}
 n - a scroll of remove curse {unknown}
 r - a scroll of random uselessness {unknown}
Potions
 h - a potion of experience {unknown}
 j - a potion of berserk rage {unknown}
 k - 2 potions of flight {unknown}
 s - a potion of heal wounds {unknown}
Comestibles
 c - 3 rations
 o - a chunk of flesh


   Skills:
 * Level 1.8 Fighting
 + Level 0.5 Short Blades
 * Level 1.5 Armour
 * Level 2.4 Dodging
 + Level 2.3 Stealth
 + Level 2.2 Spellcasting
 + Level 1.4 Conjurations
 - Level 3.0 Fire Magic


You had one spell level left.
You knew the following spells:

 Your Spells              Type           Power        Failure   Level  Hunger
a - Flame Tongue          Conj/Fire      ##...        9%          1    #......
b - Inner Flame           Hex/Fire       #.......     34%         3    ###....
c - Throw Flame           Conj/Fire      ##....       13%         2    ##.....

Your spell library contained the following spells:

 Spells                   Type           Power        Failure   Level  Hunger
 Conjure Flame            Conj/Fire      ##......     26%         3    ###....
 Sticky Flame             Conj/Fire      ##......     63%         4    #####..
 Fireball                 Conj/Fire      ##........   93%         5    ######.


Dungeon Overview and Level Annotations

Branches:
Dungeon (3/15)


Innate Abilities, Weirdness & Mutations

You have an increased reservoir of magic. (+10% MP)


Message History

Casting: Flame Tongue (safe; 9% risk of failure)
Confirm with . or Enter, or press ? or * to list all spells.
Aiming: Flame Tongue (safe; 9% risk of failure)
Press: ? - help, Shift-Dir - straight line, f/p - orc wizard
Aim: an orc wizard, wielding a dagger and wearing a glowing robe (fast)
The flame tongue hits something.
Reactivating autopickup.
You feel a bit more experienced.
Casting: Flame Tongue (safe; 9% risk of failure)
Confirm with . or Enter, or press ? or * to list all spells.
Aiming: Flame Tongue (safe; 9% risk of failure)
Press: ? - help, Shift-Dir - straight line, f/p - orc wizard
Aim: an orc wizard, wielding a dagger and wearing a glowing robe (fast)
The flame tongue hits the orc wizard.
The orc wizard is lightly wounded.
The orc wizard points at you and mumbles some strange words.
The magic dart hits you!
* * * LOW HITPOINT WARNING * * *
The orc wizard hits you with a dagger.
You die...

#.....######
+.(...'.....
#.....######
#######################
...........oo..........
######.##########...).
#o# # #.........
######o#..# #.###.....
#....@....# #...####
#.............#)#.####
#.......#.#####.#รท....
######..........#.....
#####.######..... #
...... #..... #.....
......


You could see an orc priest and an orc wizard.

Vanquished Creatures
  2 orc wizards (D:3)
  3 adders
  An ooze (D:2)
  A worm (D:2)
  2 dart slugs (D:2)
  3 orcs (D:3)
  2 ball pythons (D:1)
  3 bats
  2 giant cockroaches
  6 goblins
  6 hobgoblins
  6 jackals
  5 frilled lizards
  8 kobolds
  7 rats
57 creatures vanquished.

Notes
Turn   | Place    | Note
-------+----------+-------------------------------------------
     0 | D:1      | BushDid911 the Demigod Fire Elementalist began the quest
                  | for the Orb.
     0 | D:1      | Reached XP level 1. HP: 14/14 MP: 5/5
   127 | D:1      | Reached skill level 1 in Conjurations
   513 | D:1      | Reached XP level 2. HP: 10/22 MP: 1/7
  1112 | D:1      | Reached skill level 1 in Fighting
  1272 | D:2      | Reached XP level 3. HP: 26/28 MP: 8/8
  1357 | D:2      | Reached skill level 1 in Armour
  1411 | D:2      | Reached skill level 3 in Fire Magic
  2134 | D:3      | Learned a level 3 spell: Inner Flame
  2137 | D:3      | Learned a level 2 spell: Throw Flame
  2294 | D:3      | Reached XP level 4. HP: 28/36 MP: 9/9
  2483 | D:3      | HP: 1/36 [orc wizard/magic dart (6)]
  2483 | D:3      | Slain by an orc wizard

Skill      XL: |  1  2  3 |
---------------+----------+-----
Conjurations   | 1 |  1.4
Stealth        | 2 |  2.3
Fighting       | 1 |  1.8
Dodging        | 2 |  2.4
Spellcasting   | 2 |  2.2
Armour         | 1 |  1.5
Fire Magic     | 3 |  3.0
Short Blades   | |  0.5

Action                   |  1- 3 |  4- 6 || total
-------------------------+-------+-------++-------
Melee: Club              |    15 |       ||    15
       Dagger            |    35 |       ||    35
       Short sword       |    59 |    11 ||    70
 Cast: Flame Tongue      |    24 |    11 ||    35
  Use: Scroll            |     1 |       ||     1
       Potion            |       |     1 ||     1
 Stab: Sleeping          |     3 |       ||     3
       Distracted        |     1 |       ||     1
  Eat: Chunk             |     5 |       ||     5
Armor: Robe              |     5 |       ||     5
       Leather armour    |    22 |     5 ||    27
Dodge: Dodged            |    75 |     7 ||    82
